 Dungeon Crawl Stone Soup version 0.21-a0-186-g02e8684 (webtiles) character file.

172 Lavandula the Slasher (level 5, 32/37 HPs)
             Began as a Formicid Artificer on Aug 13, 2017.
             Quit the game on level 4 of the Dungeon.
             The game lasted 00:07:33 (1908 turns).

Lavandula the Slasher (Formicid Artificer)          Turns: 1908, Time: 00:07:34

Health: 32/37      AC:  3    Str: 16    XL:     5   Next: 82%
Magic:  7/7        EV: 12    Int: 11    God:
Gold:   96         SH:  4    Dex: 12    Spells: 4/4 levels left

rFire    . . .     SeeInvis +   j - +0 long sword
rCold    . . .     Gourm    .   m - +0 buckler
rNeg     . . .     Faith    .   b - +0 leather armour
rPois    .         Spirit   .   (helmet unavailable)
rElec    .         Reflect  .   (no cloak)
rCorr    .         Harm     .   (no gloves)
MR       .....                  (no boots)
Stlth    +.........             (no amulet)
HPRegen  0.12/turn              (no ring)
MPRegen  0.10/turn              (no ring)

@: no status effects
A: permanent stasis, dig shafts and tunnels, four strong arms, antennae 3
a: Dig, Shaft Self


You were on level 4 of the Dungeon.
You were not hungry.

You visited 1 branch of the dungeon, and saw 4 of its levels.

You collected 96 gold pieces.

Inventory:

Hand Weapons
 a - a +0 short sword
 j - a +0 long sword (weapon)
 p - a +0 war axe
Armour
 b - a +0 leather armour (worn)
 m - a +0 buckler (worn)
Wands
 c - a wand of flame (10/48)
 d - a wand of enslavement (13/24)
 e - a wand of random effects (14/48)
Scrolls
 f - 2 scrolls of remove curse {unknown}
 h - a scroll of recharging {unknown}
 l - a scroll of identify {unknown}
 o - a scroll of fog {unknown}
 q - a scroll of fear {unknown}
Potions
 g - 2 potions of agility {unknown}
 k - 2 potions of heal wounds {unknown}
Books
 i - a book of Misfortune

   Spells                             Type                      Level
   a - Confusing Touch                Hexes                        1
   b - Confuse                        Hexes                        3
   c - Gell's Gravitas                Translocation                3
   d - Petrify                        Transmutation/Earth          4
   e - Metabolic Englaciation         Hexes/Ice                    5
   f - Yara's Violent Unravelling     Hexes/Transmutation          5
Comestibles
 n - a fruit
 r - a bread ration


   Skills:
 - Level 1.1 Fighting
 - Level 2.0(3.2) Short Blades
 - Level 3.8(4.1) Long Blades
 - Level 1.7 Dodging
 - Level 1.2 Stealth
 + Level 2.7 Shields
 - Level 3.2 Evocations


You had 4 spell levels left.
You didn't know any spells.

Dungeon Overview and Level Annotations

Branches:
Dungeon (4/15)
 Temple: D:4-7

Altars:
Gozag
Hepliaklqana
Wu Jian

Shops:
D:4 :

Annotations:
D:4 2 transporters


Innate Abilities, Weirdness & Mutations

You cannot be hasted, slowed, berserked, paralysed or teleported.
You can dig through walls and to a lower floor.
Your four strong arms can wield two-handed weapons with a shield.
You have a pair of large antennae on your head. (SInv)


Message History

You feel sick.
r - a bread ration You feel sick.
You are no longer poisoned.
Found an ornate altar of the Wu Jian Council.
Okay, then.
Found 7 gold pieces and a dark potion.
There is a transporter landing site here.
Okay, then.
Evoke which item? (* to show all) (? for menu, Esc to quit)
Okay, then.
Unknown command.
Press: ? - help, v - describe, . - travel A translucent stone wall.
You extend your mandibles.
You can't dig through that.
Found a leather armour.
Okay, then.
You sense a monster nearby.
Are you sure you want to abandon this character and quit the game? (Confirm with "yes".)

......#
#..#8.{.....8#.#
.#...##
#..##{oZHOc.##.#
###.<#
#...#########..#
###.## ###
#...........##
.#..# #..
#####..####.#
.#.## #.# #...#
#.# .<.# #.# #..##
#.# ...######.#
##..# #.#
##........# #[@.#
#.# #####.....##
#..## #.#
......###..# ....#
.#
#...######...###.#
.................#
#...###.#####....#
.###....# ..#.. .#
##.## .... ## #
##.


You could see a hippogriff, an ogre, a centaur and a worker ant zombie.

Vanquished Creatures
  A scorpion (D:4)
  A howler monkey (D:4)
  A worker ant (D:4)
  2 gnolls (D:2)
  An adder (D:4)
  2 leopard geckos (D:4)
  A ball python (D:1)
  A giant cockroach (D:2)
  2 goblins (D:1)
  2 hobgoblins
  A quokka (D:2)
  4 bats (D:2)
  3 frilled lizards
  A kobold (D:2)
  3 rats
26 creatures vanquished.

Vanquished Creatures (collateral kills)
  A gnoll (D:2)
  An adder (D:4)
2 creatures vanquished.

Grand Total: 28 creatures vanquished

Notes
Turn   | Place    | Note
-------+----------+-------------------------------------------
     0 | D:1      | Lavandula the Formicid Artificer began the quest for the Orb.
     0 | D:1      | Reached XP level 1. HP: 15/15 MP: 3/3
   378 | D:2      | Reached XP level 2. HP: 21/21 MP: 4/4
   466 | D:2      | Reached skill level 1 in Long Blades
   667 | D:2      | Reached XP level 3. HP: 15/26 MP: 5/5
   880 | D:2      | Found an opulent altar of Gozag.
  1333 | D:4      | Found Ytathrouv's Book Emporium.
  1465 | D:4      | Reached XP level 4. HP: 20/32 MP: 6/6
  1480 | D:4      | Reached XP level 5. HP: 21/37 MP: 7/7
  1852 | D:4      | Noticed a centaur
  1857 | D:4      | Noticed a hippogriff
  1859 | D:4      | Found a transporter.
  1860 | D:4      | Noticed an ogre
  1862 | D:4      | Found a transporter.
  1866 | D:4      | Found a hazy altar of Hepliaklqana.
  1879 | D:4      | Found an ornate altar of the Wu Jian Council.
  1908 | D:4      | Quit the game

Vault maps used:
D:1:      dpeg_arrival_pond
D:2:      grunt_gozag_breadcrumbs, roderic_lattice_a
D:3:      eat_drink_and_be_merry_uskayaw
D:4:      lemuel_upstairs_altar, gammafunk_temple_overflow_arena,
          kennysheep_mini, nicolae_overflow_hidden_temple, first_bread,
          serial_shops, nicolae_shop_statue_plus

Skill      XL: |  1  2  3  4  5 |
---------------+----------------+-----
Short Blades   | 2 |  2.0
Long Blades    | 1 3 |  3.8
Shields        | 2 |  2.7
Fighting       | |  1.1
Dodging        | |  1.7
Stealth        | |  1.2
Evocations     | |  3.2

Action                   |  1- 3 |  4- 6 || total
-------------------------+-------+-------++-------
Melee: Short sword       |    48 |       ||    48
       Long sword        |    34 |    20 ||    54
 Abil: Dig               |     6 |     1 ||     7
Evoke: Wand              |     5 |     3 ||     8
  Eat: Bread ration      |     1 |       ||     1
Armor: Leather armour    |    14 |     4 ||    18
Dodge: Dodged            |    57 |    12 ||    69
       Rpst.: Long sword |     7 |     6 ||    13
